 Dungeon Crawl Stone Soup version 0.19.1-1-g22dce08 (webtiles) character file.

80 Kiturien the Shield-Bearer (level 4, -5/42 HPs)
             Began as a Deep Dwarf Fighter on Jan 19, 2017.
             Slain by Sigmund
             ... wielding a +0 scythe
              (10 damage)
             ... on level 3 of the Dungeon.
             The game lasted 00:05:45 (1597 turns).

Kiturien the Shield-Bearer (Deep Dwarf Fighter)     Turns: 1597, Time: 00:05:46

Health: -5/42      AC:  7    Str: 21    XL:     4   Next: 18%
Magic:  4/4        EV:  7    Int:  8    God:
Gold:   92         SH:  9    Dex: 12    Spells: 0 memorised, 3 levels left

rFire  . . .     SeeInvis .     a - +0 war axe
rCold  . . .     Gourm    .     b - +0 scale mail
rNeg   . . .     Faith    .     c - +0 shield
rPois  .         Spirit   .     (no helmet)
rElec  .         Reflect  .     (no cloak)
rCorr  .         Harm     .     (no gloves)
MR     +....                    (no boots)
Stlth  ..........               (no amulet)
                                (no ring)
                                h - ring of protection from magic

@: non-regenerating
A: damage resistance, recharge devices, sense surroundings 1, slow regeneration
3
a: Device Recharging


You were on level 3 of the Dungeon.
You were not hungry.

You visited 1 branch of the dungeon, and saw 3 of its levels.

You collected 92 gold pieces.

Inventory:

Hand Weapons
 a - a +0 war axe (weapon)
Armour
 b - a +0 scale mail (worn)
 c - a +0 shield (worn)
Jewellery
 h - a ring of protection from magic (left hand)
Wands
 e - a wand of heal wounds (4/9)
Scrolls
 j - a scroll of teleportation {unknown}
 l - 2 scrolls of identify {unknown}
 m - a scroll of fear {unknown}
Potions
 d - a potion of might
 f - a potion of agility {unknown}
 g - 2 potions of lignification {unknown}
 i - a potion of cure mutation {unknown}
 n - a potion of cancellation {unknown}
Comestibles
 k - 2 beef jerkies
 o - a bread ration
 p - a meat ration


   Skills:
 + Level 3.0 Fighting
 + Level 3.5 Axes
 + Level 3.8 Armour
 + Level 0.2 Dodging
 + Level 3.8 Shields
 * Level 0.6 Evocations


You had 3 spell levels left.
You didn't know any spells.

Dungeon Overview and Level Annotations

Branches:
Dungeon (3/15)

Altars:

Annotations:
D:3 Sigmund


Innate Abilities, Weirdness & Mutations

You are resistant to damage.
You can recharge devices by infusing magical energy.
You passively map a small area around you.
You do not regenerate.


Message History

You hit Sigmund.
Sigmund is heavily wounded.
You hit Terence but do no damage. Terence barely misses you.
You block Sigmund's attack. Terence barely misses you.
You slash Sigmund!
Sigmund is severely wounded.
You hit Terence but do no damage. Terence completely misses you.
Sigmund hits you with a scythe.
* * * LOW HITPOINT WARNING * * *
Terence hits you with a flail.
* * * LOW HITPOINT WARNING * * *
You slash Terence!
You kill Terence!
You have reached level 4!
You feel stronger.
You closely miss Sigmund. Sigmund completely misses you.
You hit Sigmund.
Sigmund is almost dead.
Sigmund hits you with a scythe!
You die...

, , , .. ..+ * ..
,..#, , .. ...* ,
.#... , ,
#####.#.#* * *
....... #.#@# ,
,,, ,, #)@.#
#.### , , * #.# ,
####.# * * *
##.*, <#....# * ,
.....###.######
** *
#.....<.......# ,
#.###########.#,*
,* ,


You could see Sigmund.

Vanquished Creatures
  Terence (D:3)
  A dart slug (D:1)
  A worm (D:2)
  A leopard gecko (D:1)
  11 bats
  8 giant cockroaches
  3 hobgoblins
  3 jackals (D:1)
  11 kobolds
  A quokka (D:2)
  A frilled lizard (D:2)
  2 goblins
  3 rats
  22 plants (D:1)
69 creatures vanquished.

Notes
Turn   | Place    | Note
-------+----------+-------------------------------------------
     0 | D:1      | Kiturien the Deep Dwarf Fighter began the quest for the Orb.
     0 | D:1      | Reached XP level 1. HP: 20/20 MP: 1/1
   170 | D:1      | Reached XP level 2. HP: 27/27 MP: 2/2
   959 | D:2      | Reached XP level 3. HP: 22/33 MP: 3/3
  1577 | D:3      | Noticed Terence
  1587 | D:3      | Noticed Sigmund
  1596 | D:3      | Killed Terence
  1596 | D:3      | Reached XP level 4. HP: 5/42 MP: 4/4
  1597 | D:3      | Slain by Sigmund

Skill      XL: |  1  2  3 |
---------------+----------+-----
Axes           | 3 |  3.5
Fighting       | 3 |  3.0
Armour         | |  3.8
Dodging        | |  0.2
Shields        | |  3.8
Evocations     | |  0.6

Action                   |  1- 3 |  4- 6 || total
-------------------------+-------+-------++-------
Melee: War axe           |   386 |     1 ||   387
Evoke: Wand              |     1 |       ||     1
  Eat: Bread ration      |     1 |       ||     1
Armor: Scale mail        |   125 |       ||   125
Dodge: Dodged            |    80 |     1 ||    81
Block: Shield            |   124 |       ||   124
